 Dungeon Crawl Stone Soup version 0.29.0-4-gdea44cf6ec (webtiles) character file.

Game seed: 16865842573580318655

207 qw the Chopper (level 5, 0/30 HPs)
             Began as a Tengu Warper on Aug 28, 2022.
             Slain by an orc
             ... wielding a +0 trident
              (4 damage)
             ... on level 3 of the Dungeon.
             The game lasted 00:00:10 (1759 turns).

qw the Chopper (Tengu Warper)                       Turns: 1759, Time: 00:00:10

Health: 0/30       AC:  8    Str: 11 (14) XL:     5   Next: 85%
Magic:  9/9        EV:  5    Int: 12 (13) God:
Gold:   65         SH:  3    Dex: 10 (13) Spells: 8/8 levels left

rFire   + . .      SeeInvis .   Y - +1 hand axe
rCold   . . .      Faith    .   a - +0 buckler
rNeg    . . .      Spirit   .   d - +0 chain mail
rPois   .          Reflect  .   (helmet restricted)
rElec   .          Harm     .   (no cloak)
rCorr   .          Rampage  .   (no gloves)
Will    .....                   (boots unavailable)
Stlth   ..........              (no amulet)
HPRegen 0.10/turn               l - ring of protection from fire
MPRegen 0.11/turn               (no ring)

@: flying quickly and evasively, quick
A: beak, talons 3, nimble flight
a: no special abilities


You were on level 3 of the Dungeon.
You visited 1 branch of the dungeon, and saw 3 of its levels.

You collected 65 gold pieces.


Innate Abilities, Weirdness & Mutations

You have a beak for a mouth.
You have claws for feet.
Your magical nature lets you fly swiftly and evasively.


   Skills:
 - Level 2.0 Fighting
 - Level 6.3 Axes
 - Level 1.0 Throwing
 - Level 1.2 Armour
 - Level 2.1 Dodging
 + Level 0.4 Shields
 - Level 2.0 Spellcasting
 - Level 2.4 Translocations


You had 8 spell levels left.
You didn't know any spells.
Your spell library contained the following spells:

 Spells                   Type           Power      Damage    Failure   Level
 Blink                    Tloc           12%        N/A       100%        2
 Gell's Gravitas          Tloc           6%         N/A       100%        3
 Lesser Beckoning         Tloc           6%         N/A       100%        3
 Teleport Other           Tloc           6%         N/A       100%        3
 Manifold Assault         Tloc           6%         N/A       100%        5

Inventory:

Hand Weapons
 i - a +0 whip
 Y - a +1 hand axe (weapon)
Armour
 a - a +0 buckler (worn)
 d - a +0 chain mail (worn)
Jewellery
 l - a ring of protection from fire (left hand)
Scrolls
 j - a scroll of identify
Potions
 c - a potion of attraction {unknown}
 e - a potion of curing
 g - a potion of flight {unknown}
 h - a potion of cancellation {unknown}
 k - a potion of haste {unknown}

Dungeon Overview and Level Annotations

Branches:
Dungeon (3/15)

Altars:
Hepliaklqana
Wu Jian

Shops:
D:2 (


Message History

You kill the jackal!
You hit the goblin. The orc hits you but does no damage.
You hear some strange, mumbled words.
A puff of flame appears from out of thin air!
The puff of flame misses you. The goblin hits you but does no damage.
You barely miss the goblin. You claw the goblin.
You kill the goblin!
You hit something.
The orc hits you from afar with a +0 trident.
Something hits you but does no damage. You block the orc's attack.
Something hits you.
Things that are here:
a +0 dagger; a goblin corpse You closely miss the orc.
You closely miss something. The orc hits you with a +0 trident.
You hear some strange, mumbled words.
A puff of flame appears from out of thin air!
The puff of flame hits you. You resist.
You barely miss the orc. Your kick misses the orc.
You hit something but do no damage. The orc hits you but does no damage.
You hear some strange, mumbled words.
You are confused.
1756 ||| DRINKING 2 potions of curing.
You feel better.
1756 ||| (to cure confusion)
The orc hits you but does no damage. Something hits you.
You hit the orc. Your kick misses the orc.
The orc is lightly wounded.
You miss something. The orc hits you with a +0 trident.
Something hits you but does no damage.
You closely miss the orc. Your kick misses the orc. Your peck misses the orc.
The orc is lightly wounded.
You hit something. You block the orc's attack.
Something hits you but does no damage.
You hit the orc.
The orc is heavily wounded.
You hit something. The orc hits you with a +0 trident.
You die...

##.##.#..#.# #
#..........###. . .
##.#######..... ..
.######..#....$#....# ...
.........#....$#.[#.#....
........('.._..#..$....
.##......#.....#(#..##
....#....#....$#.....###
.......>.#######@{)......
..<.####.......o.....#...
.)### ###...............
.. ......>....##... ..
............# .. ##
.############# ? ..


You could see an orc.

Vanquished Creatures
  Sigmund (D:2)
  A dart slug (D:2)
  An orc (D:3)
  3 bats
  4 endoplasms
  7 goblins
  5 hobgoblins
  3 jackals (D:3)
  2 quokkas (D:1)
  A ball python (D:2)
  2 frilled lizards
  6 kobolds
  A rat (D:1)
37 creatures vanquished.

Notes
Turn   | Place    | Note
-------+----------+-------------------------------------------
     0 | D:1      | qw the Tengu Warper began the quest for the Orb.
     0 | D:1      | Reached XP level 1. HP: 12/12 MP: 4/4
     0 | D:1      | 0 ||| qw: Version: 0.1-a-89-g26bdef1
     0 | D:1      | 0 ||| qw: Game counter: 2094
     0 | D:1      | 0 ||| qw: Always use a shield: true
     0 | D:1      | 0 ||| qw: God list: Okawaru
     0 | D:1      | 0 ||| qw: Allow faded altars: false
     0 | D:1      | 0 ||| qw: Do Orc after D:15 true
     0 | D:1      | 0 ||| qw: Do second Lair branch before Depths: true
     0 | D:1      | 0 ||| qw: Lair rune preference: random
     0 | D:1      | 0 ||| qw: Plans: Normal
     0 | D:1      | 0 ||| PLANNING D:1-11
   183 | D:1      | Reached skill level 3 in Axes
   183 | D:1      | Reached XP level 2. HP: 17/17 MP: 6/6
   252 | D:1      | 252 ||| Stepping ~*~*~tactically~*~*~ (stealth).
   254 | D:1      | 254 ||| Stepping ~*~*~tactically~*~*~ (stealth).
   543 | D:1      | 543 ||| Stepping ~*~*~tactically~*~*~ (stealth).
   755 | D:1      | 755 ||| UPGRADING to ring of protection from fire.
   756 | D:1      | 756 ||| READING scroll labelled BOURUM ASEATIY.
   757 | D:1      | 757 ||| READING scroll labelled IPRADE MEETOT.
   762 | D:1      | 762 ||| READING scroll labelled ULAUCR SIZA.
   763 | D:1      | 763 ||| READING scroll labelled KUBUCLUNTI.
   764 | D:1      | 764 ||| READING 3 scrolls labelled ZIM LOMYPP.
   765 | D:1      | 765 ||| DRINKING 4 smoky puce potions.
   766 | D:1      | 766 ||| DROPPING scroll of blinking.
   767 | D:1      | 767 ||| DROPPING 3 potions of brilliance.
   768 | D:1      | 768 ||| DROPPING 2 scrolls of amnesia.
   868 | D:2      | Reached XP level 3. HP: 21/21 MP: 7/7
   988 | D:2      | Found a faded altar of an unknown god.
  1022 | D:2      | 1022 ||| DROPPING +0 club.
  1185 | D:2      | Found Wasaom's Antique Weapon Emporium.
  1193 | D:2      | 1193 ||| SHOPLISTING war axe (80 gold, have 48).
  1212 | D:2      | Noticed Sigmund
  1213 | D:2      | 1213 ||| Stepping ~*~*~tactically~*~*~ (hiding).
  1225 | D:2      | Killed Sigmund
  1226 | D:2      | Reached skill level 6 in Axes
  1226 | D:2      | Reached XP level 4. HP: 20/26 MP: 8/8
  1226 | D:2      | Gained mutation: Your magical nature lets you fly swiftly
                  | and evasively. [Tengu growth]
  1226 | D:2      | Reached XP level 5. HP: 23/30 MP: 9/9
  1311 | D:2      | Found a hazy altar of Hepliaklqana.
  1625 | D:2      | 1625 ||| UPGRADING to +0 chain mail.
  1635 | D:2      | 1635 ||| DROPPING +0 leather armour.
  1636 | D:2      | 1636 ||| READING 2 scrolls labelled XIOGAB QOMA.
  1637 | D:2      | 1637 ||| DRINKING 3 cyan potions.
  1638 | D:2      | 1638 ||| DRINKING 2 gluggy blue potions.
  1639 | D:2      | 1639 ||| DROPPING scroll of immolation.
  1640 | D:2      | 1640 ||| DROPPING potion of degeneration.
  1668 | D:3      | 1668 ||| STAIRDANCE
  1728 | D:3      | Found an ornate altar of the Wu Jian Council.
  1737 | D:3      | 1737 ||| UPGRADING to +0 buckler.
  1742 | D:3      | 1742 ||| READING scroll of teleportation.
  1754 | D:3      | HP: 5/30 [orc/+0 trident (5)]
  1756 | D:3      | 1756 ||| DRINKING 2 potions of curing.
  1756 | D:3      | 1756 ||| (to cure confusion)
  1759 | D:3      | Slain by an orc

Levels and vault maps discovered:
D:1:      lightli_arrival_maybe_door_vault, layout_basic
D:2:      layout_loops_ring, serial_shops, shop, basic_altar,
          dreamdust_ecumenical_altar_statues, uniq_sigmund
D:3:      layout_rooms, amcnicky_altar_gilded, serial_shops, nicolae_shop_stone

Skill      XL: |  1  2  3 |
---------------+----------+-----
Axes           | 3 6 |  6.3
Fighting       | |  2.0
Throwing       | |  1.0
Armour         | |  1.2
Dodging        | |  2.1
Shields        | |  0.4
Spellcasting   | |  2.0
Translocations | |  2.4

Action                   |  1- 3 |  4- 6 || total
-------------------------+-------+-------++-------
Melee: Hand axe          |    43 |    19 ||    62
       Kick              |    10 |     4 ||    14
       Peck              |     2 |     2 ||     4
Throw: Boomerang         |     7 |       ||     7
  Use: Scroll            |     5 |     2 ||     7
       Potion            |     1 |     3 ||     4
Armor: Leather armour    |     4 |     1 ||     5
       Chain mail        |       |    27 ||    27
Dodge: Dodged            |    20 |     8 ||    28
Block: Buckler           |       |     3 ||     3

Table legend:
 A = Non-vault XP
 B = Vault XP
 C = Vault XP percentage of total XP
 D = Non-vault monster count
 E = Vault monster count
 F = Vault count percentage of total count
                 A         B        C        D         E       F
            +---------+---------+-------+---------+---------+-------
      Total |      65 |     231 |  78.0 |      36 |       1 |   2.7
            +---------+---------+-------+---------+---------+-------
        D:1 |      30 |       0 |   0.0 |      18 |       0 |   0.0
        D:2 |      21 |     231 |  91.7 |      11 |       1 |   8.3
        D:3 |      14 |       0 |   0.0 |       7 |       0 |   0.0
            +---------+---------+-------+---------+---------+-------
